 Dungeon Crawl Stone Soup version 0.28.0-45-g0d030f2227 (webtiles) character file.

Game seed: 11956301736434551543

47 Kaptain the Digger (level 3, -1/20 HPs)
             Began as a Deep Elf Earth Elementalist on Apr 14, 2022.
             Slain by Terence
             ... wielding a +2 flail of protection
              (11 damage)
             ... on level 2 of the Dungeon.
             The game lasted 00:02:08 (1795 turns).

Kaptain the Digger (Deep Elf Earth Elementalist)    Turns: 1795, Time: 00:02:08

Health: -1/20      AC:  3    Str:  5    XL:     3   Next: 48%
Magic:  3/10       EV: 13    Int: 21    God:
Gold:   41         SH:  0    Dex: 15    Spells: 5/9 levels left

rFire   . . .      SeeInvis .   g - +0 hand axe
rCold   . . .      Faith    .   (no shield)
rNeg    . . .      Spirit   .   b - +0 robe
rPois   .          Reflect  .   (no helmet)
rElec   .          Harm     .   j - +0 cloak
rCorr   .          Rampage  .   (no gloves)
Will    .....                   (no boots)
Stlth   ++........              (no amulet)
HPRegen 0.06/turn               (no ring)
MPRegen 0.12/turn               (no ring)

@: no status effects
A: no striking features
a: no special abilities


You were on level 2 of the Dungeon.
You visited 1 branch of the dungeon, and saw 2 of its levels.

You collected 41 gold pieces.

Inventory:

Hand Weapons
 a - a +0 dagger
 e - a +0 short sword
 g - a +0 hand axe (weapon)
Missiles
 c - 4 stones
Armour
 b - a +0 robe (worn)
 j - a +0 cloak (worn)
Scrolls
 d - 2 scrolls of identify {unknown}
 i - a scroll of teleportation {unknown}
 k - a scroll of fear {unknown}
Potions
 f - a potion of might {unknown}
 h - 2 potions of magic {unknown}


   Skills:
 * Level 0.9 Fighting
 + Level 0.4 Armour
 + Level 2.7 Dodging
 - Level 2.4 Stealth
 * Level 3.5 Spellcasting
 * Level 1.4 Conjurations
 - Level 1.1 Transmutations
 * Level 3.7 Earth Magic


You had 5 spell levels left.
You knew the following spells:

 Your Spells              Type           Power      Damage    Failure   Level
a - Sandblast             Erth           38%        2d10      2%          1
b - Stone Arrow           Conj/Erth      28%        3d8       13%         3

Your spell library contained the following spells:

 Spells                   Type           Power      Damage    Failure   Level
 Passwall                 Tmut/Erth      10%        N/A       7%          2
 Petrify                  Tmut/Erth      13%        N/A       43%         4


Dungeon Overview and Level Annotations

Branches:
Dungeon (2/15)

Altars:

Annotations:
D:2 Terence


Message History

The blast of sand hits Terence but does no damage.
Terence is heavily wounded.
Terence closely misses you.
Casting: Sandblast (safe; 2% risk of failure)
Confirm with . or Enter, or press ? or * to list all spells.
Aiming: Sandblast (safe; 2% risk of failure)
Press: ? - help, Shift-Dir - straight line, f/p - Terence
Aim: Terence, wielding a +2 flail of protection and wearing a +0 scale mail (heavily wounded, 82% to hit)
The blast of sand hits Terence but does no damage.
Terence is heavily wounded.
Terence completely misses you.
Unknown command.
Casting: Sandblast (safe; 2% risk of failure)
Confirm with . or Enter, or press ? or * to list all spells.
Aiming: Sandblast (safe; 2% risk of failure)
Press: ? - help, Shift-Dir - straight line, f/p - Terence
Aim: Terence, wielding a +2 flail of protection and wearing a +0 scale mail (heavily wounded, 82% to hit)
The blast of sand hits Terence but does no damage.
Terence is heavily wounded.
Terence hits you with a +2 flail of protection!
Ouch! That really hurt!
Casting: Sandblast (safe; 2% risk of failure)
Confirm with . or Enter, or press ? or * to list all spells.
Aiming: Sandblast (safe; 2% risk of failure)
Press: ? - help, Shift-Dir - straight line, f/p - Terence
Aim: Terence, wielding a +2 flail of protection and wearing a +0 scale mail (heavily wounded, 82% to hit)
The blast of sand hits Terence but does no damage.
Terence is heavily wounded.
Terence closely misses you.
Unknown command.
Casting: Sandblast (safe; 2% risk of failure)
Confirm with . or Enter, or press ? or * to list all spells.
Aiming: Sandblast (safe; 2% risk of failure)
Press: ? - help, Shift-Dir - straight line, f/p - Terence
Aim: Terence, wielding a +2 flail of protection and wearing a +0 scale mail (heavily wounded, 82% to hit)
The blast of sand misses Terence.
The blast of sand hits the kobold!
You kill the kobold!
Terence hits you with a +2 flail of protection!
Ouch! That really hurt!
You die...

##### #...# ### #...#
#.#### # ######...### #..
.# .. ...........###.#
.###...
#####......##.##.....
..#####...#.....>#..###..
#.........#.##..........(
#######.........@...#....
###.#.####@#....##.
#.#.####<......#
#########.#..............
.......##.####......####.
.......##..†.....####
...........####..######
##.#.##....#........$..
##.#.......#.......####


You could see Terence.

Vanquished Creatures
  An adder (D:2)
  2 worms (D:2)
  2 orcs (D:2)
  3 endoplasms
  A goblin (D:1)
  3 hobgoblins
  7 jackals (D:1)
  5 ball pythons
  A bat (D:2)
  3 kobolds
28 creatures vanquished.

Notes
Turn   | Place    | Note
-------+----------+-------------------------------------------
     0 | D:1      | Kaptain the Deep Elf Earth Elementalist began the quest for
                  | the Orb.
     0 | D:1      | Reached XP level 1. HP: 10/10 MP: 6/6
   140 | D:1      | Found a faded altar of an unknown god.
   292 | D:1      | Reached XP level 2. HP: 7/15 MP: 4/8
  1536 | D:2      | Reached skill level 1 in Conjurations
  1584 | D:2      | Reached XP level 3. HP: 20/20 MP: 6/9
  1588 | D:2      | Learned a level 3 spell: Stone Arrow
  1663 | D:2      | Noticed Terence
  1795 | D:2      | Slain by Terence

Illustrated notes

Levels and vault maps discovered:
D:1:      arrival_zaba_pyramid, layout_basic, basic_ecumenical_altar,
          minmay_misc_feat_more_columns
D:2:      layout_rooms, uniq_terence

Skill      XL: |  1  2 |
---------------+-------+-----
Conjurations   | 1 |  1.4
Fighting       | |  0.9
Armour         | |  0.4
Dodging        | |  2.7
Stealth        | |  2.4
Spellcasting   | |  3.5
Transmutations | |  1.1
Earth Magic    | |  3.7

Action                   || total
-------------------------++-------
Melee: Hand axe          ||    13
 Cast: Sandblast         ||    45
 Stab: Sleeping          ||     1
Armor: Robe              ||     9
Dodge: Dodged            ||    34
